 Dungeon Crawl Stone Soup version 0.24.1 (webtiles) character file.

Game seed: 7143542258534571951, levelgen mode: deterministic

208 Descartes the Sneak (level 5, -3/24 HPs)
             Began as a Felid Warper on Mar 24, 2020.
             Slain by an orc
             ... wielding a +0 whip
              (6 damage)
             ... on level 3 of the Dungeon.
             The game lasted 00:09:33 (5601 turns).

Descartes the Sneak (Felid Warper)                  Turns: 5601, Time: 00:09:34

Health: -3/24      AC:  1    Str:  8    XL:     5   Next: 55%
Magic:  5/9        EV: 20    Int: 15    God:
Gold:   139        SH:  0    Dex: 20    Spells: 4/8 levels left
                                        Lives:  0   Deaths: 1

rFire    . . .     SeeInvis +     - Unarmed
rCold    . . .     Gourm    .   (shield unavailable)
rNeg     . . .     Faith    .   (armour unavailable)
rPois    .         Spirit   .   (helmet unavailable)
rElec    .         Reflect  .   (cloak unavailable)
rCorr    .         Harm     .   (gloves unavailable)
MR       .....                  (boots unavailable)
Stlth    ++++......             (no amulet)
HPRegen  0.08/turn              l - +5 ring of dexterity
MPRegen  0.11/turn              (no ring)

@: very slightly contaminated, quick
A: very small, no armour, no weapons or thrown items, stealth, claws 1, fangs 3,
see invisible, carnivore, speed 1, shaggy fur 1, slow metabolism 1, sharp paws
a: no special abilities


You were on level 3 of the Dungeon.
You were completely stuffed.

You visited 1 branch of the dungeon, and saw 3 of its levels.

You collected 139 gold pieces.

Inventory:

Missiles
 e - 191 stones
Jewellery
 l - a +5 ring of dexterity (left paw)
Scrolls
 a - 5 scrolls of identify {unknown}
 b - 2 scrolls of blinking
 j - a scroll of noise {unknown}
 k - a scroll of amnesia {unknown}
 n - 2 scrolls of teleportation {unknown}
Potions
 d - a potion of magic {unknown}
 f - 4 potions of curing
 g - a potion of brilliance {unknown}
 h - 2 potions of agility {unknown}
 i - 2 potions of heal wounds {unknown}
 m - a potion of might {unknown}
Comestibles
 c - 6 rations


   Skills:
 + Level 3.2 Fighting
 + Level 4.6 Dodging
 * Level 4.9 Stealth
 * Level 4.0 Unarmed Combat
 - Level 2.0 Spellcasting
 - Level 4.4 Translocations


You had 4 spell levels left.
You knew the following spells:

 Your Spells              Type           Power        Failure   Level  Hunger
a - Blink                 Tloc           N/A          5%          2    ###....
b - Shroud of Golubria    Chrm/Tloc      #.....       14%         2    ###....

Your spell library contained the following spells:

 Spells                   Type           Power        Failure   Level  Hunger
 Gell's Gravitas          Tloc           ##........   11%         3    ###....
 Lesser Beckoning         Tloc           ##........   11%         3    ###....
 Teleport Other           Tloc           ##......     11%         3    ###....
 Passage of Golubria      Tloc           N/A          36%         4    #####..


Dungeon Overview and Level Annotations

Branches:
Dungeon (3/15)

Altars:
Cheibriados
Okawaru
Wu Jian
Zin


Innate Abilities, Weirdness & Mutations

You cannot wear armour.
You are incapable of wielding weapons or throwing items.
Your paws allow you to move quietly. (Stealth)
You have sharp claws.
You have razor-sharp teeth.
You have supernaturally acute eyesight. (SInv)
You are carnivorous and can eat meat at any time.
You cover ground quickly.
You are covered in fur. (AC +1)
You have a slow metabolism.
Your sharp claws are effective at attacking unaware monsters.


Message History

The orc is lightly wounded.
Your shroud bends the orc's attack away.
The orc priest hits you.
You scratch the orc priest.
The orc priest is moderately wounded.
The orc misses you.
You scratch the orc priest but do no damage.
The orc priest is moderately wounded.
The orc priest invokes the aid of Beogh against you.
Beogh smites you!
Ouch! That really hurt!
* * * LOW HITPOINT WARNING * * *
You barely miss the orc priest.
The orc priest is moderately wounded.
Your shroud bends the orc's attack away.
The orc priest misses you.
You completely miss the orc priest.
The orc priest is moderately wounded.
The orc hits you with a +0 whip.
You die...

....#.#..........#
#.#...##########.####
.....## ***#.......#
#.####***#.<.....##.#
#.#*,,,,,#.##.##.##.#
#.#*,,,,,*,*#.,..##.#
#..,,<,,>*,*#,##.##.#
###*,,),)#.##.##o##.#
# *,,,,,......o@...#
***,**###..##.####
**,* #,[*#.# *,,*
*,,,..# ****,,*
*,*#..#
*,,,,,*****,*#..#
**,**,,,,,,,,,...#
,,,,,,**,,****#.##
**,*****,,,,,,,,*


You could see an orc priest and an orc.

Vanquished Creatures
  2 orc priests (D:3)
  An orc wizard (D:2)
  3 adders
  10 gnolls
  A worm (D:3)
  2 dart slugs
  5 leopard geckos
  6 orcs
  9 bats
  2 giant cockroaches (D:1)
  12 goblins
  11 hobgoblins
  5 jackals
  8 kobolds
  A quokka (D:2)
  3 frilled lizards (D:1)
  4 rats
85 creatures vanquished.

Notes
Turn   | Place    | Note
-------+----------+-------------------------------------------
     0 | D:1      | Descartes the Felid Warper began the quest for the Orb.
     0 | D:1      | Reached XP level 1. HP: 9/9 MP: 4/4
   111 | D:1      | Reached skill level 1 in Stealth
   122 | D:1      | Reached XP level 2. HP: 7/13 MP: 6/6
   756 | D:1      | Reached XP level 3. HP: 4/16 MP: 7/7
  2029 | D:1      | Learned a level 2 spell: Blink
  2032 | D:1      | Learned a level 2 spell: Shroud of Golubria
  2109 | D:1      | Reached XP level 4. HP: 5/20 MP: 8/8
  3852 | D:2      | Reached XP level 5. HP: 24/24 MP: 4/9
  4384 | D:3      | Found an iron altar of Okawaru.
  4386 | D:3      | Found an ornate altar of the Wu Jian Council.
  4386 | D:3      | Found a snail-covered altar of Cheibriados.
  4401 | D:3      | Found a glowing silver altar of Zin.
  4439 | D:3      | Killed from afar by an orc priest
  4440 | D:3      | Reached XP level 4. HP: -9/21 MP: 6/8
  4556 | D:3      | Reached XP level 5. HP: 20/24 MP: 6/9
  5464 | D:3      | Found a glowing silver altar of Zin.
  5473 | D:3      | Found an ornate altar of the Wu Jian Council.
  5480 | D:3      | Found a snail-covered altar of Cheibriados.
  5482 | D:3      | Found an iron altar of Okawaru.
  5601 | D:3      | Slain by an orc

Levels and vault maps discovered:
D:1:      dpeg_arrival_orchard, layout_loops_ring
D:2:      layout_basic, grunt_ministairs_7
D:3:      layout_loops_cross, nicolae_overflow_quartered_altars, first_ration

Skill      XL: |  1  2  3  4  5 |
---------------+----------------+-----
Stealth        | 1 2 3 4 |  4.9
Unarmed Combat | 3 4 |  4.0
Dodging        | 4 |  4.6
Fighting       | 3 |  3.2
Spellcasting   | |  2.0
Translocations | |  4.4

Action                   |  1- 3 |  4- 6 || total
-------------------------+-------+-------++-------
Melee: Unarmed           |   129 |   202 ||   331
       Bite              |    12 |    21 ||    33
       Punch             |     1 |     1 ||     2
 Cast: Shroud of Golubri |     1 |    21 ||    22
 Stab: Distracted        |     1 |     1 ||     2
       Sleeping          |     4 |     9 ||    13
  Eat: Chunk             |     8 |    16 ||    24
Armor: Skin              |     5 |     6 ||    11
Dodge: Dodged            |   113 |   145 ||   258
